 Dungeon Crawl Stone Soup version 0.24-a0-518-g9d8d8d5b78 (webtiles) character file.

Game seed: 14505295921678517415

0 Gargoyl the Skirmisher (level 1, -7/19 HPs)
             Began as a Centaur Abyssal Knight on July 23, 2019.
             Was a Follower of Lugonu.
             Killed from afar by a white imp (9 damage)
             ... with a puff of frost
             ... on level 1 of the Abyss.
             The game lasted 00:01:06 (340 turns).

Gargoyl the Skirmisher (Centaur Abyssal Knight)      Turns: 340, Time: 00:01:06

Health: -7/19      AC:  4    Str: 12 (14) XL:     1   Next: 0%
Magic:  2/2        EV:  9    Int: 10 (11) God:    Lugonu [*.....]
Gold:   11         SH:  0    Dex:  5 (8)  Spells: 0/0 levels left

rFire    . . .     SeeInvis .   a - +1 hand axe
rCold    . . .     Gourm    .   (no shield)
rNeg     . . .     Faith    .   b - +0 leather armour
rPois    .         Spirit   .   (no helmet)
rElec    .         Reflect  .   (no cloak)
rCorr    .         Harm     .   (no gloves)
MR       .....                  (no barding)
Stlth    ..........             (no amulet)
HPRegen  0.00/turn              (no ring)
MPRegen  0.08/turn              (no ring)

@: non-regenerating, diseased, very quick
A: large, hooves 3, deformed body, speed 2, tough skin 3
a: Depart the Abyss, Renounce Religion


You were on level 1 of the Abyss.
You worshipped Lugonu.
Lugonu was aware of your devotion.
You were not hungry.

You visited 0 branches of the dungeon, and saw 0 of its levels.
You visited the Abyss 1 time.

You collected 11 gold pieces.

Inventory:

Hand Weapons
 a - a +1 hand axe (weapon)
Armour
 b - a +0 leather armour (worn)
Comestibles
 c - a ration


   Skills:
 + Level 3.0 Fighting
 + Level 1.7 Axes
 + Level 1.3 Armour
 + Level 0.6 Dodging
 + Level 2.0 Invocations


You couldn't memorise any spells.
You didn't know any spells.
Your spell library was empty.

Dungeon Overview and Level Annotations

Branches:
Dungeon (0/15)

Altars:


Innate Abilities, Weirdness & Mutations

You have hooves in place of feet.
Armour fits poorly on your strangely shaped body.
You cover ground very quickly.
You have extremely tough skin. (AC +3)


Message History

Your extra speed is starting to run out.
You feel yourself slow down.
A large abomination comes into view.
A white imp comes into view.
The white imp hits you but does no damage.
You closely miss the white imp. The white imp gestures at you.
The puff of frost hits you.
You closely miss the white imp. The white imp barely misses you.
You barely miss the white imp. The white imp hits you.
The white imp freezes you. The white imp closely misses you.
The white imp gestures at you. The puff of frost hits you.
The white imp gestures at you. The puff of frost hits you.
* * * LOW HITPOINT WARNING * * *
The white imp gestures at you. The puff of frost hits you!
You die...

#.... #.#...
...#.... .
#..##X###.##...#.#.#
# #####.#..##...#
#.... #
#....#5..#...#. ..
.. #.....#...#.###
#. . #..
#.#.#...###.... .##.
#. #. ####.#.#.#.
.##. . ##.#..# #. #
#@..# # # #.......#
# ....#....## ..
#.#.## ##.## . #. .
. .. . #.


You could see a white imp.

Vanquished Creatures (others)
  2 starspawn tentacles (Abyss:1)
2 creatures vanquished.

Notes
Turn   | Place    | Note
-------+----------+-------------------------------------------
     0 | Abyss:1  | Gargoyl the Centaur Abyssal Knight began the quest for the
                  | Orb.
     0 | Abyss:1  | Reached XP level 1. HP: 19/19 MP: 2/2
   164 | Abyss:1  | Found a corrupted altar of Lugonu.
   179 | Abyss:1  | Noticed a chaos spawn
   191 | Abyss:1  | Noticed an ancient zyme
   191 | Abyss:1  | Noticed a small abomination
   191 | Abyss:1  | Noticed a neqoxec
   206 | Abyss:1  | Noticed a quasit
   214 | Abyss:1  | Noticed a tentacled starspawn
   222 | Abyss:1  | Noticed a small abomination
   238 | Abyss:1  | Noticed a large abomination
   261 | Abyss:1  | Noticed an ancient zyme
   264 | Abyss:1  | Noticed a large abomination
   317 | Abyss:1  | Noticed a large abomination
   340 | Abyss:1  | Killed from afar by a white imp

Levels and vault maps discovered:
Abyss:1

Action                   || total
-------------------------++-------
Melee: Hand axe          ||     3
  Use: Potion            ||     3
Armor: Leather armour    ||     1
Dodge: Dodged            ||     2

Table legend:
 A = Non-vault XP
 B = Vault XP
 C = Vault XP percentage of total XP
 D = Non-vault monster count
 E = Vault monster count
 F = Vault count percentage of total count
                 A         B        C        D         E       F
            +---------+---------+-------+---------+---------+-------
      Total |       0 |       0 |   N/A |       0 |       0 |  -nan
            +---------+---------+-------+---------+---------+-------
            +---------+---------+-------+---------+---------+-------
